 Dungeon Crawl Stone Soup version 0.27-a0-1181-g5f64966fcc (webtiles) character file.

Game seed: 7700072568509407172

92 Shayle the Skirmisher (level 4, -3/35 HPs)
             Began as a Demonspawn Warper on May 17, 2021.
             Killed by nerve-wracking pain
             ... invoked by a shadow imp
              (11 damage)
             ... in a sewer.
             The game lasted 00:06:40 (3822 turns).

Shayle the Skirmisher (Demonspawn Warper)           Turns: 3822, Time: 00:06:41

Health: -3/35      AC:  3    Str:  8 (11) XL:     4   Next: 35%
Magic:  7/7        EV: 11    Int: 15 (16) God:
Gold:   139        SH:  0    Dex: 11 (12) Spells: 7/7 levels left

rFire    . . .     SeeInvis .   g - +0 dagger (drain)
rCold    . . .     Faith    .   (no shield)
rNeg     . . .     Spirit   .   b - +0 leather armour
rPois    .         Reflect  .   (no helmet)
rElec    .         Harm     .   (no cloak)
rCorr    .         Rampage  .   (no gloves)
Will     .....                  (no boots)
Stlth    +.........             (no amulet)
HPRegen  0.11/turn              (no ring)
MPRegen  0.10/turn              (no ring)

@: no status effects
A: claws 1, demonic guardian 1, demonic magic 1
a: no special abilities


You were in a sewer.
You visited 1 branch of the dungeon, and saw 3 of its levels.
You also visited: Sewer.

You collected 139 gold pieces.

Inventory:

Hand Weapons
 a - a +0 falchion
 g - a +0 dagger of draining (weapon)
 n - a +0 hand crossbow
Missiles
 e - 2 boomerangs of dispersal (quivered)
 f - 7 curare-tipped darts
 o - 17 bolts
Armour
 b - a +0 leather armour (worn)
Jewellery
 m - a ring of wizardry
Scrolls
 d - a scroll of blinking
 l - a scroll of identify {unknown}
Potions
 h - a potion of degeneration
 i - a potion of might {unknown}
 j - a potion of resistance {unknown}
 k - a potion of attraction {unknown}


   Skills:
 + Level 3.5 Fighting
 + Level 3.2 Long Blades
 - Level 0.8 Throwing
 - Level 0.8 Armour
 - Level 1.7 Dodging
 - Level 2.0 Spellcasting
 - Level 2.6 Translocations


You had 7 spell levels left.
You didn't know any spells.
Your spell library contained the following spells:

 Spells                   Type           Power      Damage    Failure   Level
 Blink                    Tloc           N/A        N/A       16%         2
 Gell's Gravitas          Tloc           4%         N/A       30%         3
 Lesser Beckoning         Tloc           4%         N/A       30%         3
 Teleport Other           Tloc           9%         N/A       30%         3
 Confusing Touch          Hex            1%         N/A       67%         3
 Manifold Assault         Tloc           9%         N/A       96%         5
 Petrify                  Tmut/Erth      1%         N/A       97%         4
 Metabolic Englaciation   Hex/Ice        0%         N/A       100%        5
 Yara's Violent Unravell  Hex/Tmut       0%         3d3       100%        5


Dungeon Overview and Level Annotations

Branches:
Dungeon (3/15)              Sewer (1/1)

Altars:


Innate Abilities, Weirdness & Mutations

You have sharp fingernails.
A weak demonic guardian rushes to your aid.
Spells you cast may paralyse adjacent enemies.


Message History

The shadow imp is severely wounded.
The shadow imp hits you.
You hit the shadow imp but do no damage.
The shadow imp is severely wounded.
The shadow imp closely misses you.
You closely miss the shadow imp.
The shadow imp is severely wounded.
The shadow imp hits you.
* * * LOW HITPOINT WARNING * * *
You barely miss the shadow imp.
The shadow imp is severely wounded.
The shadow imp shouts, "Decamp, thou puny rude-growing hedge-pig!"
The shadow imp hits you.
* * * LOW HITPOINT WARNING * * *
Throw: 4 boomerangs (disperse)
Press: ? - help, Q - select action, (/) - cycle Shift-Dir - straight line, f - shadow imp
Aim: a shadow imp (severely wounded, 52% to hit)
You throw a boomerang of dispersal.
The boomerang of dispersal barely misses the shadow imp.
The boomerang of dispersal hits the kobold.
The kobold blinks!
The kobold is moderately wounded.
The kobold throws a stone.
The stone completely misses you.
The stone hits the shadow imp but does no damage.
The shadow imp hits you but does no damage.
Unknown command.
Throw: 3 boomerangs (disperse)
Press: ? - help, Q - select action, (/) - cycle Shift-Dir - straight line, f/p - shadow imp
Aim: a shadow imp (severely wounded, 52% to hit)
You throw a boomerang of dispersal.
The boomerang of dispersal barely misses the shadow imp.
The boomerang of dispersal hits the giant cockroach.
The giant cockroach blinks!
The giant cockroach is heavily wounded.
The shadow imp barely misses you.
You hit the shadow imp.
The shadow imp is almost dead.
The shadow imp gestures at you. Pain shoots through your body!
You die...

#≈≈.# #≈≈.# #≈≈)#
#≈≈.# #≈≈.#
################≈≈.#
≈≈≈≈#≈≈≈≈≈≈≈≈≈≈≈≈≈.#
≈≈≈.≈≈≈≈≈≈≈≈≈≈K≈≈≈..#
≈≈≈≈ #......5@B.....#
≈≈≈≈ ##.##########≈##
≈≈≈≈≈#.).# ≈≈≈≈≈#≈≈≈#
≈≈≈≈≈#...#≈≈≈≈≈≈#≈≈≈#
≈≈≈≈≈≈.5.#≈≈≈≈≈≈#≈≈≈#
≈≈≈≈≈#BK.≈≈≈≈≈≈≈#≈≈≈#
≈≈≈≈≈#...#≈≈≈≈≈≈#≈≈≈#
≈≈≈≈≈≈...≈≈≈≈≈≈≈#≈≈≈#
≈≈≈≈≈#...≈≈≈≈≈≈≈#≈≈≈#


You could see a shadow imp, a giant cockroach and a kobold.

Vanquished Creatures
  2 adders
  A river rat (D:3)
  An ufetubus (Sewer)
  A worm (D:3)
  An orc (D:3)
  3 bats (D:1)
  A bat zombie (Sewer)
  6 endoplasms
  3 giant cockroaches
  3 goblins
  2 hobgoblins
  5 kobolds
  3 quokkas
  3 ball pythons
  A frilled lizard (D:2)
  A kobold zombie (Sewer)
  4 rats
41 creatures vanquished.

Vanquished Creatures (collateral kills)
  A river rat (D:3)
  A giant cockroach (D:3)
  A kobold (Sewer)
  4 rats (D:3)
7 creatures vanquished.

Grand Total: 48 creatures vanquished

Notes
Turn   | Place    | Note
-------+----------+-------------------------------------------
     0 | D:1      | Shayle the Demonspawn Warper began the quest for the Orb.
     0 | D:1      | Reached XP level 1. HP: 16/16 MP: 3/3
   486 | D:1      | Found a faded altar of an unknown god.
   529 | D:1      | Gained mutation: Spells you cast may paralyse adjacent
                  | enemies. [demonic ancestry]
   529 | D:1      | Reached XP level 2. HP: 23/23 MP: 5/5
  1733 | D:2      | Gained mutation: You have sharp fingernails. [demonic
                  | ancestry]
  1733 | D:2      | Reached XP level 3. HP: 10/28 MP: 6/6
  2790 | D:3      | Noticed a sky beast
  2905 | D:3      | HP: 1/29 [frozen (5)]
  3147 | D:3      | Found a glowing drain.
  3167 | D:3      | Gained mutation: A weak demonic guardian rushes to your
                  | aid. [demonic ancestry]
  3167 | D:3      | Reached XP level 4. HP: 21/35 MP: 7/7
  3215 | Sewer    | Entered a sewer
  3822 | Sewer    | Killed from afar by a shadow imp

Illustrated notes

Levels and vault maps discovered:
D:1:      dpeg_arrival_erosion, layout_loops_corners,
          hellmonk_ecumenical_altar_zigzags, roderic_lattice_a
D:2:      minmay_angry_zag, layout_loops_ring, minmay_circle_x
D:3:      layout_basic, portal_sewer_entry_b
Sewer:    kennysheep_sewer_church

Skill      XL: |  1  2  3 |
---------------+----------+-----
Long Blades    | 2 3 |  3.2
Fighting       | 3 |  3.5
Throwing       | |  0.8
Armour         | |  0.8
Dodging        | |  1.7
Spellcasting   | |  2.0
Translocations | |  2.6

Action                   |  1- 3 |  4- 6 || total
-------------------------+-------+-------++-------
Melee: Falchion          |    37 |       ||    37
       Dagger            |    91 |    76 ||   167
Throw: Boomerang         |       |     3 ||     3
  Use: Potion            |     2 |     1 ||     3
       Scroll            |     2 |       ||     2
Armor: Leather armour    |    32 |    20 ||    52
Dodge: Dodged            |    66 |    56 ||   122
       Rpst.: Falchion   |    10 |       ||    10

Table legend: (Time is in decaauts)
 A = Elapsed time spent in this place.
 B = Non-inter-level travel time spent in this place.
 C = Inter-level travel time spent in this place.
 D = Time resting spent in this place.
 E = Time spent auto-exploring this place.
 F = Levels seen in this place.
 G = Mean time per level.
                   A        B        C        D        E       F      G
               +--------+--------+--------+--------+--------+-----+--------+
         Total |   3817 |   3745 |     72 |    861 |   2326 |   4 |  954.2 |
       Dungeon |   3215 |   3143 |     72 |    399 |   2319 |   3 | 1071.7 |
         Sewer |    602 |    602 |      0 |    462 |      7 |   1 |  602.0 |
               +--------+--------+--------+--------+--------+-----+--------+

Top non-repeatable levels by time:
     D:1: 1462 daAuts
     D:2: 1189 daAuts
   Sewer: 602 daAuts
     D:3: 563 daAuts
